 Dungeon Crawl Stone Soup version 0.19-b1-3-g7dea586 (webtiles) character file.

4817 tv1990 the Cleaver (level 10, 0/72 HPs)
             Began as a Formicid Monk on Oct 28, 2016.
             Was an Elder of Okawaru.
             Slain by a blink frog (9 damage)
             ... on level 8 of the Dungeon.
             The game lasted 00:28:44 (7663 turns).

tv1990 the Cleaver (Formicid Monk)                  Turns: 7663, Time: 00:28:44

Health: 0/72       AC: 15    Str: 21    XL:     10   Next: 77%
Magic:  17/17      EV: 14    Int: 10    God:    Okawaru [****..]
Gold:   646        SH:  6    Dex: 24    Spells: 0 memorised, 9 levels left

rFire  . . .     SeeInvis +     z - +1 war axe (chop)
rCold  . . .     Gourm    .     C - +3 chain mail
rNeg   . . .     Faith    .     y - +0 buckler (curse)
rPois  .         Spirit   .     (helmet unavailable)
rElec  .         Reflect  .     h - +0 cloak
rCorr  .         Harm     .     (no gloves)
MR     +....                    r - +0 pair of boots
Stlth  +.........               (no amulet)
                                s - +5 ring of strength
                                o - +3 ring of dexterity

@: agile, lethally poisoned (0 -> -27)
A: permanent stasis, dig shafts and tunnels, four strong arms, antennae 3,
rugged brown scales 1, mutation resistance 1, screaming 1, shaggy fur 1
a: Dig, Shaft Self, Heroism, Renounce Religion


You were on level 8 of the Dungeon.
You worshipped Okawaru.
Okawaru was greatly pleased with you.
You were not hungry.

You visited 3 branches of the dungeon, and saw 10 of its levels.

You collected 646 gold pieces.

Inventory:

Hand Weapons
 m - a +0 arbalest
 u - a +5 hand axe
 z - a +1 war axe of chopping (weapon)
 B - the +14 plutonium sword {*Contam Stlth-}
   (You found it on level 8 of the Dungeon)

   It causes magical contamination when unequipped.
   It makes you less stealthy.
Missiles
 g - 42 bolts
Armour
 h - a +0 cloak (worn)
 r - a +0 pair of boots (worn)
 y - a cursed +0 buckler (worn)
 C - a +3 chain mail (worn)
Jewellery
 b - an uncursed ring of protection from cold
 d - an uncursed ring of protection from fire
 o - a +3 ring of dexterity (left hand)
 s - a +5 ring of strength (right hand)
Scrolls
 f - 2 scrolls of enchant armour
 l - 3 scrolls of enchant weapon
 q - a scroll of immolation
 t - 2 scrolls of remove curse
Potions
 k - 2 potions of mutation
 n - 2 potions of berserk rage
 A - a potion of brilliance
Books
 p - a book of Maledictions

   Spells                             Type                      Level
   a - Corona                         Hexes                        1
   b - Ensorcelled Hibernation        Hexes/Ice                    2
   c - Confuse                        Hexes                        3
   d - Tukima's Dance                 Hexes                        3
   e - Dazzling Spray                 Conjuration/Hexes            3
Comestibles
 a - 5 chunks of flesh
 c - 7 bread rations
 i - 3 meat rations
 j - 2 royal jellies
 x - 2 beef jerkies


   Skills:
 - Level 3.2 Fighting
 + Level 11.9 Axes
 - Level 2.6 Dodging
 - Level 2.4 Stealth
 - Level 4.0 Shields
 - Level 10.3 Invocations


You had 9 spell levels left.
You didn't know any spells.

Dungeon Overview and Level Annotations

Branches:
Dungeon (8/15)             Temple (1/1) D:5            Lair (1/6) D:8

Altars:
Gozag
Hepliaklqana
Kikubaaqudgha
Okawaru
Ru
Sif Muna
Trog
Uskayaw

Shops:
D:3 *


Innate Abilities, Weirdness & Mutations

You are under a permanent stasis effect.
You can dig through walls and to a lower floor.
Your four strong arms can wield two-handed weapons with a shield.
You have a pair of large antennae on your head. (SInv)
You are partially covered in rugged brown scales. (AC +1, +3% HP)
You are somewhat resistant to further mutation.
You occasionally shout uncontrollably at your foes.
You are covered in fur. (AC +1)


Message History

You feel sick. The spiny frog stings you!
* * * LOW HITPOINT WARNING * * *
You are more poisoned.
The spiny frog poisons you!
It was a potion of berserk rage.
You cannot go berserk while under stasis.
* * * LOW HITPOINT WARNING * * *
You feel very sick.
The spiny frog stings you but does no damage.
It was a potion of heal wounds.
You feel much better.
* * * LOW HITPOINT WARNING * * *
You feel very sick. The spiny frog stings you!
* * * LOW HITPOINT WARNING * * *
Okay, then.
You feel agile all of a sudden.
* * * LOW HITPOINT WARNING * * *
You feel very sick. The blink frog hits you!
You die...

#.# #... ########## #.###
#... #........## #...# #...
#...###...## ###.# #...
#...##.....## ##...## #...
#######...#..P)...###.....#
####
..........#.......#.......#
#
.######.........P..#......#
.# #.<.....FF@....#.#### .#
##.......>.F...##.# .#
#.###.........###.#
.#########..P......# #.#
........###.......## #.# #
......#.###....P..####.# #
..........##.....##....# #
..........###...####...#
####
...............##..?.#.#
#...


You could see a spiny frog and 2 blink frogs.

Vanquished Creatures
  Pikel (D:4)
  An elephant (D:8)
  The ghost of cedor the Stinger, a novice FoVM (D:5)
  A hornet (D:7)
  A hippogriff (D:8)
  Sigmund (D:5)
  A spriggan (D:8)
  A hungry ghost (D:7)
  An ice beast (D:7)
  2 black bears (D:8)
  An ogre (D:7)
  4 sky beasts
  3 phantoms
  2 centaurs
  A crocodile (D:8)
  A big kobold (D:7)
  2 bullfrogs
  3 scorpions
  4 killer bees (D:8)
  5 wights (D:8)
  3 crimson imps (D:8)
  A quasit (D:8)
  7 hounds
  2 jellies
  A gnoll shaman (D:4)
  A bullfrog skeleton (D:8)
  An orc priest (D:4)
  A centaur skeleton (D:7)
  An orc wizard (D:5)
  Crazy Yiuf (D:5)
  7 worker ants
  3 iguanas
  9 gnolls (D:4)
  4 adders
  A shadow imp (D:6)
  2 oozes
  A worm (D:3)
  A dart slug (D:1)
  8 leopard geckos
  6 orcs
  9 bats
  2 giant cockroaches
  8 goblins
  7 hobgoblins
  3 jackals (D:6)
  3 quokkas
  4 ball pythons
  3 frilled lizards
  A jackal skeleton (D:4)
  A jackal zombie (D:5)
  15 kobolds
  7 rats
161 creatures vanquished.

Notes
Turn   | Place    | Note
-------+----------+-------------------------------------------
     0 | D:1      | tv1990 the Formicid Monk began the quest for the Orb.
     0 | D:1      | Reached XP level 1. HP: 18/18 MP: 1/1
   124 | D:1      | Reached XP level 2. HP: 24/24 MP: 2/2
   531 | D:1      | Reached skill level 4 in Axes
   531 | D:1      | Reached XP level 3. HP: 29/29 MP: 3/3
  1051 | D:2      | Found a sacrificial altar of Ru.
  1804 | D:3      | Reached XP level 4. HP: 34/35 MP: 4/4
  1850 | D:3      | Found an opulent altar of Gozag.
  1920 | D:3      | Found Gozag's Platinum Reserve.
  2152 | D:4      | Reached skill level 5 in Axes
  2152 | D:4      | Reached XP level 5. HP: 35/41 MP: 5/5
  2546 | D:4      | Reached skill level 6 in Axes
  2773 | D:4      | Reached XP level 6. HP: 34/47 MP: 6/6
  3058 | D:4      | Noticed Pikel
  3078 | D:4      | Killed Pikel
  3078 | D:4      | Reached skill level 8 in Axes
  3078 | D:4      | Reached XP level 7. HP: 16/52 MP: 7/7
  3078 | D:4      | Reached XP level 8. HP: 18/58 MP: 8/8
  3085 | D:4      | Reached skill level 9 in Axes
  3467 | D:5      | Entered Level 5 of the Dungeon
  3563 | D:5      | Found a staircase to the Ecumenical Temple.
  3569 | D:5      | Noticed Sigmund
  3573 | Temple   | Entered the Ecumenical Temple
  3580 | Temple   | Became a worshipper of Warmaster Okawaru
  3580 | Temple   | Reached * piety under Okawaru
  3580 | Temple   | Reached ** piety under Okawaru
  3599 | D:5      | Killed Sigmund
  3736 | D:5      | Reached skill level 5 in Invocations
  3741 | D:5      | Gained mutation: You are covered in fur. (AC +1) [mutagenic meat]
  3742 | D:5      | Gained mutation: You are partially covered in rugged brown scales. (AC +1, +3% HP) [mutagenic meat]
  3743 | D:5      | Gained mutation: You are somewhat resistant to further mutation. [mutagenic meat]
  3919 | D:5      | Noticed cedor's ghost (novice FoVM)
  3932 | D:5      | You fall through a shaft for 2 floors!
  4154 | D:6      | Reached XP level 9. HP: 51/65 MP: 14/14
  4455 | D:5      | Found a runed door.
  4551 | D:5      | Found a hide-covered altar of Uskayaw.
  4653 | D:5      | Found a deep blue altar of Sif Muna.
  4883 | D:5      | Noticed Crazy Yiuf
  4891 | D:5      | Killed Crazy Yiuf
  5013 | D:5      | Killed cedor's ghost
  5013 | D:5      | Reached *** piety under Okawaru
  5265 | D:6      | Reached skill level 10 in Invocations
  5814 | D:7      | Noticed a hornet
  5833 | D:7      | Killed a hornet
  6330 | D:7      | Reached XP level 10. HP: 72/72 MP: 17/17
  6711 | D:8      | Found a staircase to the Lair.
  6711 | D:8      | Noticed an elephant
  6751 | D:8      | Killed an elephant
  6751 | D:8      | Reached **** piety under Okawaru
  6751 | D:8      | Reached skill level 10 in Axes
  6894 | D:8      | Reached skill level 11 in Axes
  7358 | D:8      | Received a gift from Okawaru
  7643 | Lair:1   | Entered Level 1 of the Lair of Beasts
  7643 | Lair:1   | Noticed a spiny frog
  7660 | D:8      | Gained mutation: You occasionally shout uncontrollably at your foes. [potion of mutation]
  7661 | D:8      | HP: 1/72 [poisoned by a spiny frog]
  7663 | D:8      | Slain by a blink frog

Skill      XL: |  1  2  3  4  5  6  7  8  9 10 |
---------------+-------------------------------+-----
Axes           | 4 5 6 8 9 11 | 11.9
Invocations    | 7 10 | 10.3
Shields        | 4 |  4.0
Fighting       | |  3.2
Dodging        | |  2.6
Stealth        | |  2.4

Action                   |  1- 3 |  4- 6 |  7- 9 | 10-12 || total
-------------------------+-------+-------+-------+-------++-------
Melee: Hand axe          |    96 |   153 |   245 |    71 ||   565
       War axe           |       |       |       |   135 ||   135
Invok: Heroism           |       |       |     4 |     1 ||     5
 Abil: Dig               |       |     2 |     5 |     3 ||    10
       Shaft Self        |       |       |     1 |       ||     1
  Use: Scroll            |     3 |     6 |     8 |       ||    17
       Potion            |       |     3 |     4 |     5 ||    12
 Stab: Sleeping          |     3 |     2 |     1 |       ||     6
       Distracted        |       |     1 |       |       ||     1
       Invisible         |       |     1 |       |       ||     1
  Eat: Chunk             |     2 |     5 |     8 |     6 ||    21
       Meat ration       |       |       |     1 |       ||     1
       Royal jelly       |       |       |     1 |       ||     1
       Pizza             |       |       |     1 |       ||     1
Armor: Ring mail         |    39 |    46 |     2 |       ||    87
       Plate armour      |       |       |    92 |    93 ||   185
       Skin              |       |       |     2 |       ||     2
       Chain mail        |       |       |       |    37 ||    37
Dodge: Dodged            |    54 |    75 |    58 |    55 ||   242
Block: Buckler           |       |       |    11 |    57 ||    68

Table legend:
 A = Turns spent in this place as a percentage of turns spent in the entire game.
 B = Non-inter-level travel turns spent in this place as a percentage of non-inter-level travel turns spent in the entire game.
 C = Inter-level travel turns spent in this place as a percentage of turns spent in this place.
 D = Turns resting spent in this place as a percentage of non-inter-level travel turns spent in this place.
 E = Turns spent auto-exploring this place as a percentage of non-inter-level travel turns spent in this place.
 F = Non-inter-level travel turns spent in this place divided by the number of levels of this place that you've seen.
                   A       B       C       D       E      F
               +-------+-------+-------+-------+-------+----------------------
         Total | 100.0 | 100.0 |   0.6 |   2.2 |  13.6 | 214.3
       Dungeon |  98.9 |  98.9 |   0.6 |   2.2 |  13.7 | 265.0
        Temple |   0.8 |   0.8 |   0.0 |   0.0 |   0.0 |  17.0
          Lair |   0.3 |   0.3 |   0.0 |   0.0 |   0.0 |   6.0
               +-------+-------+-------+-------+-------+----------------------

Table legend:
 A = Kills in this place as a percentage of kills in entire the game.
 B = Kills by you in this place as a percentage of kills by you in the entire game.
 C = Kills by friends in this place as a percentage of kills by friends in the entire game.
 D = Other kills in this place as a percentage of other kills in the entire game.
 E = Experience gained in this place as a percentage of experience gained in the entire game.
 F = Experience gained in this place divided by the number of levels of this place that you have seen.
                   A       B       C       D       E      F
               +-------+-------+-------+-------+-------+----------------------
         Total | 100.0 | 100.0 |  -nan |  -nan | 100.0 | 688.2
       Dungeon | 100.0 | 100.0 |  -nan |  -nan | 100.0 | 860.2
               +-------+-------+-------+-------+-------+----------------------

Vault maps used:
D:1:      elethiomel_arrival_maze, kennysheep_small_spiral
D:2:      serial_aquarium, aquarium_bridge_straight, aquarium_window_3,
          aquarium_window_fake, aquarium_view_2c, aquarium_view_2a,
          aquarium_balcony_3a, first_bread, nicolae_ru_sacrificial_ziggurat
D:3:      nicolae_gozag_zags_fifth_avenue
D:4:      abandoned_shop, uniq_pikel
D:5:      basic_altar, tgw_sif, uniq_crazy_yiuf_cottage, uniq_sigmund
D:7:      cheibrodos_helix_gallery, enter_ossuary_1
D:8:      black_bear_nest_1, david_lair_generic, the_bakery,
          basic_loot_grate_trap
Temple:   nicolae_temple_the_god_donut
Lair:1:   minivault_24, guppyfry_lair_drakes
